 Dungeon Crawl Stone Soup version 0.17.1-3-g152610e (webtiles) character file.

140 Gargoyl the Skirmisher (level 5, 0/42 HPs)
             Began as a Demonspawn Abyssal Knight on Apr 7, 2016.
             Was a Believer of Lugonu.
             Succumbed to poison (a potion of poison)
             ... on level 3 of the Dungeon.
             The game lasted 00:07:42 (3956 turns).

Gargoyl the Skirmisher (Demonspawn Abyssal Knight)  Turns: 3956, Time: 00:07:42

Health: 0/42       AC: 19    Str: 14    XL:     5   Next: 2%
Magic:  7/7        EV:  1    Int: 16    God:    Lugonu [**....]
Gold:   185        SH:  7    Dex: 10    Spells: 0 memorised, 4 levels left

rFire  . . .     SeeInvis .     a - +1 hand axe
rCold  . . .     Clarity  .     r - +0 plate armour
rNeg   . . .     SustAt   .     j - +0 shield
rPois  .         Gourm    .     h - +0 helmet
rElec  .         Spirit   .     (no cloak)
rCorr  .         Warding  .     (no gloves)
rMut   .         Stasis   .     (no boots)
MR     .....                    (no amulet)
Stlth  ..........               (no ring)
                                b - +3 ring of intelligence

@: lethally poisoned (0 -> -7), flying, very slightly contaminated, hasted, very
quick, not resistant to hostile enchantments, extremely unstealthy
A: rough black scales 2
a: Depart the Abyss, Bend Space, Renounce Religion


You were on level 3 of the Dungeon.
You worshipped Lugonu.
Lugonu was pleased with you.
You were hungry.

You visited 1 branch of the dungeon, and saw 3 of its levels.
You visited the Abyss 1 time.

You collected 185 gold pieces.

Inventory:

Hand Weapons
 a - a +1 hand axe (weapon)
 i - a +0 spear
 s - a +0 flail
Armour
 h - a +0 helmet (worn)
 j - a +0 shield (worn)
 r - a +0 plate armour (worn)
Jewellery
 b - a +3 ring of intelligence (left hand)
Wands
 o - a wand of magic darts (28)
Scrolls
 d - 2 scrolls of remove curse {unknown}
 e - 3 scrolls of teleportation {unknown}
 k - a scroll of blinking {unknown}
 m - 2 scrolls of identify {unknown}
 p - a scroll of enchant armour {unknown}
Comestibles
 c - a bread ration
 l - a slice of pizza
 n - 2 fruits


   Skills:
 + Level 3.9 Fighting
 + Level 2.3 Axes
 * Level 2.6 Armour
 + Level 2.0 Dodging
 + Level 0.4 Stealth
 + Level 0.8 Shields
 + Level 2.9 Invocations


You had 4 spell levels left.
You didn't know any spells.

Dungeon Overview and Level Annotations

Branches:
Dungeon (3/15)

Altars:
Sif Muna


Innate Abilities, Weirdness & Mutations

You are mostly covered in rough black scales (AC +7, Dex -2).


Message History

* * * LOW HITPOINT WARNING * * *
You feel sick.
The orc wizard hits you but does no damage.
The orc wizard miscasts a cantrip.
You hit the orc wizard.
The orc wizard is severely wounded.
* * * LOW HITPOINT WARNING * * *
You feel sick.
The orc wizard hits you but does no damage.
You hit the orc wizard but do no damage.
The orc wizard is severely wounded.
The orc wizard hits you but does no damage. x2
Your plate armour prevents you from hitting the orc wizard.
The orc wizard is severely wounded.
* * * LOW HITPOINT WARNING * * *
You feel sick.
The orc wizard hits you but does no damage.
You closely miss the orc wizard.
The orc wizard is severely wounded.
You die...

##.###<# #... #.# #
#.## #.###### #(##...#
#.##.#.# #.##.#.#
#.##(#.#
#.##.#.################
#.#.........@ooo....
#...################
#......# #...##.#
#...##.# #...##.#
#...##.# #######.######
#............#


You could see an orc wizard and 2 orcs.

Vanquished Creatures
  Robin (D:2)
  4 gnolls
  2 adders
  A white imp (Abyss:1)
  2 worms (D:2)
  A giant gecko (D:3)
  An orc (D:3)
  4 ball pythons (D:1)
  3 giant cockroaches
  17 goblins
  9 hobgoblins
  5 kobolds
  6 bats
  3 giant newts
  A quokka (D:3)
  7 rats
67 creatures vanquished.

Notes
Turn   | Place    | Note
--------------------------------------------------------------
     0 | Abyss:1  | Gargoyl the Demonspawn Abyssal Knight began the quest for the Orb.
     0 | Abyss:1  | Reached XP level 1. HP: 18/18 MP: 2/2
    89 | Abyss:1  | Noticed a small abomination
    89 | Abyss:1  | Noticed a thrashing horror
    96 | D:1      | Escaped the Abyss
   206 | D:1      | Gained mutation: You are partially covered in rough black scales (AC +4, Dex -1). [demonic ancestry]
   206 | D:1      | Reached XP level 2. HP: 20/24 MP: 4/4
   290 | D:1      | Reached * piety under Lugonu
   435 | D:1      | Reached skill level 1 in Dodging
  1097 | D:2      | Reached XP level 3. HP: 14/30 MP: 5/5
  2650 | D:1      | Reached XP level 4. HP: 32/37 MP: 6/6
  2862 | D:2      | Reached ** piety under Lugonu
  2998 | D:2      | Noticed Robin
  3012 | D:2      | Killed Robin
  3229 | D:2      | Found a deep blue altar of Sif Muna.
  3813 | D:3      | Gained mutation: You are mostly covered in rough black scales (AC +7, Dex -2). [demonic ancestry]
  3813 | D:3      | Reached XP level 5. HP: 40/42 MP: 7/7
  3952 | D:3      | HP: 2/42 [poison (a potion of poison)]
  3956 | D:3      | Succumbed to poison (a potion of poison)

Action                   |  1- 3 |  4- 6 || total
-------------------------+-------+-------++-------
Melee: Hand axe          |   146 |   156 ||   302
Invok: Depart the Abyss  |     1 |       ||     1
  Use: Potion            |     2 |     3 ||     5
  Eat: Chunk             |     6 |     4 ||    10
